 Dungeon Crawl Stone Soup version 0.23-a0-370-gf497b7c (webtiles) character file.

15 xordid the Vandal (level 2, 0/18 HPs)
             Began as a Halfling Arcane Marksman on Oct 24, 2018.
             Slain by a goblin
             ... wielding a +0 spear
              (7 damage)
             ... on level 1 of the Dungeon.
             The game lasted 00:01:08 (166 turns).

xordid the Vandal (Halfling Arcane Marksman)         Turns: 166, Time: 00:01:09

Health: 0/18       AC:  2    Str: 11    XL:     2   Next: 65%
Magic:  3/3        EV: 15    Int: 11    God:
Gold:   11         SH:  0    Dex: 14    Spells: 2/3 levels left

rFire    . . .     SeeInvis .   a - +0 hunting sling
rCold    . . .     Gourm    .   (shield restricted)
rNeg     . . .     Faith    .   e - +0 robe
rPois    .         Spirit   .   (no helmet)
rElec    .         Reflect  .   (no cloak)
rCorr    .         Harm     .   (no gloves)
MR       .....                  (no boots)
Stlth    +.........             (no amulet)
HPRegen  0.06/turn              (no ring)
MPRegen  0.08/turn              (no ring)

@: no status effects
A: small, mutation resistance 1
a: no special abilities


You were on level 1 of the Dungeon.
You were not hungry.

You visited 1 branch of the dungeon, and saw 1 of its levels.

You collected 11 gold pieces.

Inventory:

Hand Weapons
 a - a +0 hunting sling (weapon)
Missiles
 d - 6 sling bullets (quivered)
Armour
 e - a +0 robe (worn)
Scrolls
 b - a scroll of remove curse {unknown}
Comestibles
 f - a ration


   Skills:
 - Level 0.8 Fighting
 + Level 4.5 Slings
 - Level 2.1 Dodging
 - Level 1.0 Spellcasting
 - Level 2.4 Hexes


You had 2 spell levels left.
You knew the following spells:

 Your Spells              Type           Power        Failure   Level  Hunger
v - Corona                Hex            #......      12%         1    ##.....

Your spell library contained the following spells:

 Spells                   Type           Power        Failure   Level  Hunger
 Slow                     Hex            #.......     19%         2    ###....
 Inner Flame              Hex/Fire       #.......     52%         3    ####...
 Portal Projectile        Hex/Tloc       #.....       52%         3    ####...
 Cause Fear               Hex            #.........   77%         4    #####..
 Leda's Liquefaction      Hex/Erth       #.........   89%         4    #####..


Dungeon Overview and Level Annotations

Branches:
Dungeon (1/15)

Altars:


Innate Abilities, Weirdness & Mutations

You are small and have problems with some larger weapons.
You are somewhat resistant to further mutation.


Message History

You take 3 damage, and have 14/18 hp.
Firing (i - inventory)
d - 6 sling bullets (quivered)
Aim: a jackal You shoot a sling bullet.
The sling bullet barely misses the jackal.
The jackal closely misses you. x2
Firing (i - inventory)
d - 5 sling bullets (quivered)
Aim: a jackal You shoot a sling bullet.
The sling bullet barely misses the jackal.
The jackal misses you.
Firing (i - inventory)
d - 4 sling bullets (quivered)
Aim: a jackal You shoot a sling bullet.
The sling bullet hits the jackal.
You kill the jackal!
The leopard gecko misses you.
Firing (i - inventory)
d - 3 sling bullets (quivered)
Aim: a leopard gecko (clinging)
You shoot a sling bullet.
The sling bullet barely misses the leopard gecko.
The leopard gecko barely misses you.
Firing (i - inventory)
d - 2 sling bullets (quivered)
Aim: a leopard gecko (clinging)
You shoot a sling bullet.
The sling bullet hits the leopard gecko!
You kill the leopard gecko!
Firing (i - inventory)
d - a sling bullet (quivered)
Aim: a rat You shoot a sling bullet.
The sling bullet barely misses the rat.
The rat closely misses you.
A hobgoblin comes into view. It is wielding a +0 club.
The hobgoblin shouts!
A goblin comes into view. It is wielding a +0 spear.
The goblin moves out of view.
You see here 14 gold pieces.
Things that are here:
2 sling bullets; a jackal corpse
d - 2 sling bullets The hobgoblin closely misses you.
The goblin shouts!
You see here 4 sling bullets.
d - 6 sling bullets (gained 4)
The hobgoblin misses you. The hobgoblin misses you.
Things that are here:
a sling bullet; a jackal corpse
Things that are here:
7 sling bullets; a leopard gecko corpse Firing (i - inventory)
d - 6 sling bullets (quivered)
Aim: a rat You shoot a sling bullet.
The sling bullet closely misses the rat.
The rat bites you but does no damage.
Firing (i - inventory)
d - 5 sling bullets (quivered)
Aim: a rat You shoot a sling bullet.
The sling bullet hits the rat!
You kill the rat!
Firing (i - inventory)
d - 4 sling bullets (quivered)
Aim: a hobgoblin, wielding a +0 club You shoot a sling bullet.
The sling bullet hits the hobgoblin.
The hobgoblin hits you but does no damage.
Firing (i - inventory)
d - 3 sling bullets (quivered)
Aim: a hobgoblin, wielding a +0 club (heavily wounded)
You shoot a sling bullet. The sling bullet hits the hobgoblin.
You kill the hobgoblin!
The goblin hits you from afar with a +0 spear.
You take 5 damage, and have 10/18 hp.
MASSIVE DAMAGE!!
You are too injured to fight recklessly!
Firing (i - inventory)
d - 2 sling bullets (quivered)
Aim: a goblin, wielding a +0 spear You shoot a sling bullet.
The sling bullet misses the goblin.
The goblin barely misses you.
Firing (i - inventory)
d - a sling bullet (quivered)
Aim: a goblin, wielding a +0 spear You shoot a sling bullet.
The sling bullet closely misses the goblin.
The goblin hits you from afar with a +0 spear.
You take 1 damage, and have 9/18 hp.
You see here 14 gold pieces.
You see here a jackal corpse.
Things that are here:
a sling bullet; a jackal corpse The goblin hits you from afar with a +0 spear.
Things that are here:
8 sling bullets; a leopard gecko corpse You take 3 damage, and have 7/18 hp.
d - 8 sling bullets The goblin barely misses you.
Firing (i - inventory)
d - 8 sling bullets (quivered)
Aim: a goblin, wielding a +0 spear You shoot a sling bullet.
The sling bullet barely misses the goblin.
The goblin hits you but does no damage.
Firing (i - inventory)
d - 7 sling bullets (quivered)
Aim: a goblin, wielding a +0 spear You shoot a sling bullet.
The sling bullet closely misses the goblin.
The goblin hits you from afar with a +0 spear!
You die...

#..
#.######..#####.#
#...##.######..#
#.#
+...............#
#.#
#...##.#.####...##
#.# .
#...#.............
... ..
#.........###..###
## #..#..##....##
#..#
........#..#.###
....#.#.(@###..
......(g##)#.###
....(.#$###.#
...(..#.###.#
............#
....#.#.##### ##
.####.#.# #. . ...
.. ...#.# ♣


You could see a goblin.

Vanquished Creatures
  A leopard gecko (D:1)
  A ball python (D:1)
  A hobgoblin (D:1)
  3 jackals (D:1)
  2 bats (D:1)
  2 goblins (D:1)
  A kobold (D:1)
  3 rats (D:1)
14 creatures vanquished.

Notes
Turn   | Place    | Note
-------+----------+-------------------------------------------
     0 | D:1      | xordid the Halfling Arcane Marksman began the quest for the
                  | Orb.
     0 | D:1      | Reached XP level 1. HP: 12/12 MP: 2/2
    81 | D:1      | Reached XP level 2. HP: 18/18 MP: 3/3
    82 | D:1      | Reached skill level 4 in Slings
   166 | D:1      | Slain by a goblin

Vault maps used:
D:1:      tarquinn_simple_flora_water_b, grunt_decor_arrowhead

Skill      XL: |  1  2 |
---------------+-------+-----
Slings         | 4 |  4.5
Fighting       | |  0.8
Dodging        | |  2.1
Spellcasting   | |  1.0
Hexes          | |  2.4

Action                   || total
-------------------------++-------
 Fire: Hunting sling     ||    43
Armor: Robe              ||     2
Dodge: Dodged            ||    23

Table legend:
 A = Non-vault XP
 B = Vault XP
 C = Vault XP percentage of total XP
 D = Non-vault monster count
 E = Vault monster count
 F = Vault count percentage of total count
                 A         B        C        D         E       F
            +---------+---------+-------+---------+---------+-------
      Total |      22 |       0 |   0.0 |      14 |       0 |   0.0
            +---------+---------+-------+---------+---------+-------
        D:1 |      22 |       0 |   0.0 |      14 |       0 |   0.0
            +---------+---------+-------+---------+---------+-------

Vault maps used:
D:1:      tarquinn_simple_flora_water_b, grunt_decor_arrowhead

Table legend:
 A = Turns spent in this place as a percentage of turns spent in the entire game.
 B = Non-inter-level travel turns spent in this place as a percentage of non-inter-level travel turns spent in the entire game.
 C = Inter-level travel turns spent in this place as a percentage of turns spent in this place.
 D = Turns resting spent in this place as a percentage of non-inter-level travel turns spent in this place.
 E = Turns spent auto-exploring this place as a percentage of non-inter-level travel turns spent in this place.
 F = Non-inter-level travel turns spent in this place divided by the number of levels of this place that you've seen.
                   A       B       C       D       E      F
               +-------+-------+-------+-------+-------+----------------------
         Total | 100.0 | 100.0 |   0.0 |   0.0 |  52.4 | 166.0
       Dungeon | 100.0 | 100.0 |   0.0 |   0.0 |  52.4 | 166.0
               +-------+-------+-------+-------+-------+----------------------

Table legend:
 A = Kills in this place as a percentage of kills in entire the game.
 B = Kills by you in this place as a percentage of kills by you in the entire game.
 C = Kills by friends in this place as a percentage of kills by friends in the entire game.
 D = Other kills in this place as a percentage of other kills in the entire game.
 E = Experience gained in this place as a percentage of experience gained in the entire game.
 F = Experience gained in this place divided by the number of levels of this place that you have seen.
                   A       B       C       D       E      F
               +-------+-------+-------+-------+-------+----------------------
         Total | 100.0 | 100.0 |   N/A |   N/A | 100.0 |  22.0
       Dungeon | 100.0 | 100.0 |   N/A |   N/A | 100.0 |  22.0
               +-------+-------+-------+-------+-------+----------------------
